 Dungeon Crawl Stone Soup version 0.28.0-53-g5a82cb258f (webtiles) character file.

Game seed: 15061116759078537214

108 ILmort the Skirmisher (level 4, -15/30 HPs)
             Began as a Gargoyle Fighter on Aug 20, 2022.
             Was a Follower of Ru.
             Killed by divine providence
             ... invoked by an orc priest
              (16 damage)
             ... on level 4 of the Dungeon.
             The game lasted 00:09:40 (3008 turns).

ILmort the Skirmisher (Gargoyle Fighter)            Turns: 3008, Time: 00:09:40

Health: -15/30     AC: 11    Str: 21    XL:     4   Next: 87%
Magic:  4/4        EV:  9    Int:  9    God:    Ru [*.....]
Gold:   45         SH:  4    Dex:  9    Spells: 3/3 levels left

rFire   . . .      SeeInvis .   a - +1 flail
rCold   . . .      Faith    .   c - +0 buckler
rNeg    + . .      Spirit   .   b - +0 scale mail
rPois   ∞          Reflect  .   (no helmet)
rElec   +          Harm     .   f - +0 cloak
rCorr   .          Rampage  .   (no gloves)
Will    .....                   (no boots)
Stlth   ..........              (no amulet)
HPRegen 0.10/turn               (no ring)
MPRegen 0.09/turn               (no ring)

@: no status effects
A: sickness immunity, AC +3, negative energy resistance 1, electricity
resistance, torment resistance 1, petrification resistance, inability to train
dodging
a: Renounce Religion


You were on level 4 of the Dungeon.
You worshipped Ru.
Ru was aware of your devotion.
You visited 1 branch of the dungeon, and saw 4 of its levels.

You collected 45 gold pieces.

Inventory:

Hand Weapons
 a - a +1 flail (weapon)
Missiles
 e - 113 stones (quivered)
 k - 6 silver boomerangs
Armour
 b - a +0 scale mail (worn)
 c - a +0 buckler (worn)
 f - a +0 cloak (worn)
Scrolls
 j - a scroll of teleportation {unknown}
 m - a scroll of identify
 o - a scroll of enchant weapon
Potions
 h - a potion of cancellation


   Skills:
 + Level 4.3 Fighting
 * Level 4.1 Maces & Flails
 - Level 3.2 Armour
 - Level 3.2 Shields


You had 3 spell levels left.
You didn't know any spells.
Your spell library was empty.

Dungeon Overview and Level Annotations

Branches:
Dungeon (4/15)             Temple (0/1) D:4

Altars:
Ru

Annotations:
D:3 Natasha


Innate Abilities, Weirdness & Mutations

You are immune to sickness and miasma.
Your stone body is resilient. (AC +3)
You are immune to poison.
You resist negative energy. (rN+)
You are resistant to electric shocks. (rElec)
You are resistant to unholy torment.
You are immune to petrification.
You cannot train Dodging skill.


Message History

The scroll dissolves into smoke.
It was a scroll of fog.
The hobgoblin hits you.
* * * LOW HITPOINT WARNING * * *
The goblin barely misses you. The hobgoblin hits you.
* * * LOW HITPOINT WARNING * * *
The goblin hits you with a +0 dagger.
* * * LOW HITPOINT WARNING * * *
The hobgoblin barely misses you. x2; You block Natasha's attack.
Blink to where?
As you read the scroll labelled JOELOC DEAP, it crumbles to dust.
It was a scroll of blinking.
The hobgoblin no longer looks unusually strong.
There is an escape hatch in the floor here.
You slide downwards.
The hatch slams shut behind you.
You feel a little less mighty now.
The orc wizard shouts!
The orc shouts! x2; The orc priest shouts!
The orc wizard shouts!
You block the orc's attack.
Found a scroll labelled TAHIQE QOSILAG and a fustibalus.
You hit the orc.
The orc wizard begins to cast a spell, but is stunned by your conviction!
You block the orc's attack.
As you read the scroll labelled MIARPH PYAMOOTU, it crumbles to dust.
It is a scroll of identify.
h - a potion of cancellation The orc hits you but does no damage.
As you read the scroll labelled PYIQEXUAD, it crumbles to dust.
The creatures around you are filled with an inner flame!
It was a scroll of immolation.
You block the orc wizard's attack. The orc hits you with a +0 whip.
* * * LOW HITPOINT WARNING * * *
As you read the scroll labelled IZOUTU WALUMUY, it crumbles to dust.
You hear a loud clanging noise!
It was a scroll of noise.
You hear a shout!
You hear an angry hiss.
The orc wizard hits you but does no damage.
The orc priest calls down the wrath of Beogh upon you.
Beogh smites you!
Ouch! That really hurt!
You die...

############
#....o..?.)#
#...@oo....#
+....o......
#....o.....#
############


You could see an orc priest (inner flame), 2 orc wizards and 2 orcs.

Vanquished Creatures
  Crazy Yiuf (D:2)
  Robin (D:3)
  2 adders
  4 orcs (D:3)
  A bat (D:2)
  2 endoplasms (D:3)
  3 giant cockroaches
  9 goblins
  3 hobgoblins
  3 jackals (D:3)
  A kobold (D:2)
  3 quokkas
  3 ball pythons
  5 frilled lizards
  3 rats
44 creatures vanquished.

Vanquished Creatures (others)
  An orc (D:3)
  A fungus (D:1)
2 creatures vanquished.

Grand Total: 46 creatures vanquished

Notes
Turn   | Place    | Note
-------+----------+-------------------------------------------
     0 | D:1      | ILmort the Gargoyle Fighter began the quest for the Orb.
     0 | D:1      | Reached XP level 1. HP: 14/14 MP: 1/1
    72 | D:1      | Found a faded altar of an unknown god.
   111 | D:1      | Prayed at the altar of an unknown god.
   111 | D:1      | Became a worshipper of Ru the Awakened
   121 | D:1      | Gained mutation: You cannot train Dodging skill. [Ru
                  | sacrifice]
   121 | D:1      | Reached * piety under Ru
   437 | D:1      | Reached XP level 2. HP: 19/19 MP: 2/2
  1355 | D:2      | Found a runed translucent door.
  1356 | D:2      | Noticed Crazy Yiuf
  1445 | D:2      | Reached XP level 3. HP: 24/24 MP: 3/3
  1605 | D:2      | Killed Crazy Yiuf
  1606 | D:2      | Reached XP level 4. HP: 2/29 MP: 4/4
  2966 | D:4      | Noticed Robin
  2966 | D:4      | Noticed Natasha
  2966 | D:4      | Found a staircase to the Ecumenical Temple.
  2972 | D:3      | Killed Robin
  2980 | D:3      | HP: 1/30 [goblin/+0 dagger[Robin] (1)]
  3007 | D:4      | HP: 1/30 [orc/+0 whip (2)]
  3008 | D:4      | Killed from afar by an orc priest

Illustrated notes

Levels and vault maps discovered:
D:1:      minmay_arrival_shattered_statue, layout_loops_corners,
          dreamdust_ecumenical_altar_grove
D:2:      layout_basic, minmay_shallow_snake_nest, uniq_crazy_yiuf_cottage
D:3:      layout_loops_cross, minmay_misc_feat_enclosed
D:4:      layout_basic, minmay_temple_entry_statues_fountains, uniq_robin,
          uniq_natasha

Skill      XL: |  1  2  3  4 |
---------------+-------------+-----
Maces & Flails | 3 4 |  4.1
Fighting       | 4 |  4.3
Armour         | |  3.2
Shields        | |  3.2

Action                   |  1- 3 |  4- 6 || total
-------------------------+-------+-------++-------
Melee: Flail             |    72 |    62 ||   134
Throw: Stone             |     1 |     3 ||     4
Invok: Sacrifice Nimblen |     1 |       ||     1
  Use: Scroll            |     1 |     5 ||     6
       Potion            |       |     1 ||     1
Armor: Scale mail        |    33 |    38 ||    71
Dodge: Dodged            |    34 |    33 ||    67
Block: Buckler           |    16 |    20 ||    36
